 Dungeon Crawl Stone Soup version 0.20-a0-537-g052e6ba (webtiles) character file.

76 Asddderdsw the Digger (level 3, -2/27 HPs)
             Began as a Demigod Earth Elementalist on Jan 28, 2017.
             Slain by Terence
             ... wielding a +0 hand axe
              (6 damage)
             ... on level 2 of the Dungeon.
             The game lasted 00:07:30 (1255 turns).

Asddderdsw the Digger (Demigod Earth Elementalist)  Turns: 1255, Time: 00:07:30

Health: -2/27      AC:  3    Str: 11    XL:     3   Next: 89%
Magic:  1/8        EV: 18    Int: 21    God:
Gold:   61         SH:  0    Dex: 21    Spells: 0/6 levels left

rFire    . . .     SeeInvis .   j - +0 mace
rCold    . . .     Gourm    .   c - +0 robe
rNeg     . . .     Faith    .   (no shield)
rPois    .         Spirit   .   l - +0 helmet
rElec    .         Reflect  .   (no cloak)
rCorr    .         Harm     .   (no gloves)
MR       .....                  (no boots)
Stlth    +++.......             (no amulet)
Regen    0.1/turn               (no ring)
                                (no ring)

@: agile, very slightly contaminated
A: high mp 1
a: no special abilities


You were on level 2 of the Dungeon.
You were hungry.

You visited 1 branch of the dungeon, and saw 2 of its levels.

You collected 61 gold pieces.

Inventory:

Hand Weapons
 j - a +0 mace (weapon)
Missiles
 b - 18 stones (quivered)
 h - 56 arrows
Armour
 c - a +0 robe (worn)
 l - a +0 helmet (worn)
Scrolls
 a - a scroll of amnesia {unknown}
 i - 2 scrolls of teleportation {unknown}
Potions
 g - a potion of invisibility {unknown}
 n - a potion of flight {unknown}
Books
 e - a book of Geomancy

   Spells                             Type                      Level
   a - Sandblast                      Earth                        1
   b - Passwall                       Transmutation/Earth          2
   c - Stone Arrow                    Conjuration/Earth            3
   d - Petrify                        Transmutation/Earth          4
   e - Lee's Rapid Deconstruction     Earth                        5
Comestibles
 d - a bread ration
 m - 5 chunks of flesh


   Skills:
 + Level 0.3 Fighting
 + Level 1.2 Maces & Flails
 + Level 2.1 Dodging
 + Level 2.1 Stealth
 + Level 2.2 Spellcasting
 + Level 0.8 Transmutations
 + Level 3.4 Earth Magic


You couldn't memorise any spells.
You knew the following spells:

 Your Spells              Type           Power        Failure   Level  Hunger
a - Sandblast             Erth           ###...       3%          1    #......
b - Passwall              Tmut/Erth      ##........   12%         2    ##.....
c - Stone Arrow           Conj/Erth      #.....       24%         3    ###....


Dungeon Overview and Level Annotations

Branches:
Dungeon (2/15)

Annotations:
D:2 Sigmund, Terence


Innate Abilities, Weirdness & Mutations

You have an increased reservoir of magic. (+10% MP)


Message History

Aiming: Sandblast
Press: ? - help, Shift-Dir - straight line, f/p - Terence
Aim: Terence, wielding a hand axe and wearing a chain mail (heavily wounded)
The blast of sand hits Terence.
Terence is heavily wounded.
b - 18 stones Terence hits you with a hand axe.
You hit Terence but do no damage.
Terence is heavily wounded.
Terence hits you with a hand axe.
* * * LOW HITPOINT WARNING * * *
The frilled lizard misses you. The frilled lizard barely misses you.
Found a stone staircase leading down.
The frilled lizard bites you.
* * * LOW HITPOINT WARNING * * *
It was a potion of agility.
You feel agile all of a sudden. Terence hits you with a hand axe.
You die...

###.....#
#.#
#.......#
#.#
#...w...#
#.#
#.....#.#
#.#
#.....#.#
#.#
#.....#.#
#.#
#.....#.#
#.#########
#...l@#.#
#..........
#....@#.#
###########
#.......#
#...?...#
#.......#
######..#
..# .>.
...#


You could see Terence, a worm and a frilled lizard.

Vanquished Creatures
  Jessica (D:2)
  2 adders (D:2)
  A worm (D:2)
  2 dart slugs
  A ball python (D:1)
  3 bats
  2 goblins (D:1)
  4 hobgoblins
  4 jackals (D:1)
  A frilled lizard (D:1)
  2 kobolds
  2 rats (D:1)
25 creatures vanquished.

Notes
Turn   | Place    | Note
-------+----------+-------------------------------------------
     0 | D:1      | Asddderdsw the Demigod Earth Elementalist began the quest for the Orb.
     0 | D:1      | Reached XP level 1. HP: 14/14 MP: 5/5
    76 | D:1      | Reached skill level 3 in Earth Magic
   247 | D:1      | Reached XP level 2. HP: 18/20 MP: 5/7
   382 | D:1      | Learned a level 2 spell: Passwall
  1095 | D:2      | Noticed Jessica
  1101 | D:2      | Killed Jessica
  1101 | D:2      | Reached skill level 1 in Maces & Flails
  1101 | D:2      | Reached XP level 3. HP: 24/26 MP: 6/8
  1118 | D:2      | Noticed Sigmund
  1126 | D:2      | Learned a level 3 spell: Stone Arrow
  1222 | D:2      | Noticed Terence
  1255 | D:2      | Slain by Terence

Vault maps used:
D:1:      nicolae_arrival_memento_mori, serial_bayou_pond_a,
          minmay_misc_feat_iff, minmay_misc_feat_plants, minmay_pentomino_r2
D:2:      kennysheep_slug_shrine, evilmike_ruin_ashenzari, uniq_sigmund,
          uniq_terence, uniq_jessica

Skill      XL: |  1  2 |
---------------+-------+-----
Earth Magic    | 3 |  3.4
Stealth        | 2 |  2.1
Dodging        | 2 |  2.1
Maces & Flails | 1 |  1.2
Spellcasting   | 2 |  2.2
Fighting       | |  0.3
Transmutations | |  0.8

Action                   || total
-------------------------++-------
Melee: Club              ||     5
       Unarmed           ||     2
       Mace              ||    25
Throw: Stone             ||     1
 Cast: Sandblast         ||    27
       Stone Arrow       ||     2
  Use: Potion            ||     2
 Stab: Sleeping          ||     2
  Eat: Chunk             ||     1
Armor: Robe              ||     6
Dodge: Dodged            ||    29
